 Dungeon Crawl Stone Soup version 0.22.1-1-ga44c0e5 (webtiles) character file.

337 infinity the Magician (level 6, 0/44 HPs)
             Began as a Gnoll Wanderer on Oct 30, 2018.
             Succumbed to SkarinSkye's ghost's poison
             ... on level 4 of the Dungeon.
             The game lasted 00:27:26 (3731 turns).

infinity the Magician (Gnoll Wanderer)              Turns: 3731, Time: 00:27:28

Health: 0/44       AC:  3    Str: 10 (12) XL:     6   Next: 54%
Magic:  16/16      EV: 14    Int: 16 (19) God:
Gold:   180        SH:  4    Dex: 13 (14) Spells: 18/19 levels left

rFire    + . .     SeeInvis .   u - +3 long sword (protect)
rCold    + . .     Gourm    .   d - +0 buckler
rNeg     + . .     Faith    .   t - +1 robe {rN+}
rPois    +         Spirit   .   (no helmet)
rElec    +         Reflect  .   (no cloak)
rCorr    +         Harm     .   (no gloves)
MR       .....                  (no boots)
Stlth    ++........             (no amulet)
HPRegen  0.14/turn              n - ring of wizardry
MPRegen  0.15/turn              g - +2 ring of evasion

@: lethally poisoned (0 -> 0), resistant, flying
A: distributed training, fangs 1, strong nose
a: no special abilities


You were on level 4 of the Dungeon.
You were not hungry.

You visited 1 branch of the dungeon, and saw 4 of its levels.

You collected 180 gold pieces.

Inventory:

Hand Weapons
 u - a +3 long sword of protection (weapon)
 w - the +1 war axe of Spring {freeze, +Rage MR- Str+3}
   (You found it on level 4 of the Dungeon)

   It has been specially enchanted to freeze those struck by it, causing extra
   injury to most foes and up to half again as much damage against particularly
   susceptible opponents.
   It can also slow down cold-blooded creatures.
   It affects your strength (+3).
   It affects your resistance to hostile enchantments.
   It lets you go berserk.
Missiles
 e - 12 javelins (quivered)
Armour
 d - a +0 buckler (worn)
 t - a +1 robe of positive energy (worn)
Jewellery
 g - a +2 ring of evasion (right hand)
 n - a ring of wizardry (left hand)
Wands
 a - a wand of enslavement (10)
Scrolls
 b - a scroll of enchant weapon
 c - a scroll of teleportation
Potions
 l - 2 potions of resistance
 v - a potion of brilliance
Comestibles
 f - 8 rations
 o - 3 chunks of flesh


   Skills:
 + Level 2.0 Fighting
 + Level 2.0 Short Blades
 + Level 2.0 Long Blades
 + Level 2.0 Axes
 + Level 2.0 Maces & Flails
 + Level 2.0 Polearms
 + Level 2.0 Staves
 + Level 2.0 Slings
 + Level 2.0 Bows
 + Level 2.0 Crossbows
 + Level 2.0 Throwing
 + Level 2.0 Armour
 + Level 2.0 Dodging
 + Level 3.1 Stealth
 + Level 2.0 Shields
 + Level 2.0 Unarmed Combat
 + Level 7.4 Spellcasting
 + Level 1.5 Conjurations
 + Level 1.5 Hexes
 + Level 2.6 Charms
 + Level 7.3 Summonings
 + Level 1.5 Necromancy
 + Level 1.5 Translocations
 + Level 1.5 Transmutations
 + Level 1.5 Fire Magic
 + Level 1.5 Ice Magic
 + Level 1.5 Air Magic
 + Level 1.5 Earth Magic
 + Level 1.5 Poison Magic
 + Level 2.1 Invocations
 + Level 3.2 Evocations


You had 18 spell levels left.
You knew the following spells:

 Your Spells              Type           Power        Failure   Level  Hunger
a - Flame Tongue          Conj/Fire      ##...        3%          1    None

Your spell library contained the following spells:

 Spells                   Type           Power        Failure   Level  Hunger
 Ignite Poison            Fire/Tmut/Pois ##......     10%         3    ##.....


Dungeon Overview and Level Annotations

Branches:
Dungeon (4/15)
 Temple: D:4-7

Altars:

Annotations:
D:4 SkarinSkye's ghost, novice MiBe


Innate Abilities, Weirdness & Mutations

Your experience applies equally to all skills.
You have very sharp teeth.
Your uncanny sense of smell can sniff out nearby items.


Message History

It was a potion of flight.
You feel very buoyant.
You fly up into the air.
You see here a bronze ring.
g - a bronze ring
g - a +2 ring of evasion (right hand)
As you read the scroll labeled UTZAG WEWN, it crumbles to dust.
It is a scroll of amnesia.
Okay, then.
* * * LOW HITPOINT WARNING * * *
You feel sick.
As you read the scroll labeled QAOKOT ILASA, it crumbles to dust.
You feel aware of your surroundings.
You sensed 1 shop/portal.
It was a scroll of magic mapping.
You eat one of the 9 rations.
That ration really hit the spot!
The +1 war axe of Spring {freeze, +Rage MR- Str+3} stops glowing.
Your +3 long sword of protection hums with potential!
u - a +3 long sword of protection (weapon)
You feel protected.
You die...

*******,** *****,,
#........# **,
#....<...# ** #........#
#[.......#
#.......!######*********
#.[............,,,,,,,,,
#........>...#**********
#......@.....#
#............#
#######......# #......#
########


There were no monsters in sight!

Vanquished Creatures
  A phantom (D:4)
  Terence (D:3)
  An orc wizard (D:3)
  8 adders
  2 oozes
  2 worms
  2 dart slugs
  5 leopard geckos
  4 orcs
  A ball python (D:2)
  3 giant cockroaches
  12 goblins
  8 hobgoblins
  12 jackals
  6 kobolds
  4 quokkas
  7 bats
  3 frilled lizards
  6 rats
88 creatures vanquished.

Vanquished Creatures (others)
  An orc wizard (D:3)
  2 orcs (D:3)
3 creatures vanquished.

Grand Total: 91 creatures vanquished

Notes
Turn   | Place    | Note
-------+----------+-------------------------------------------
     0 | D:1      | infinity the Gnoll Wanderer began the quest for the Orb.
     0 | D:1      | infinity set off with: a wand of enslavement (15), a scroll
                  | of teleportation, a +0 robe, a +0 dagger, a ration
     0 | D:1      | Reached XP level 1. HP: 13/13 MP: 8/8
    16 | D:1      | Learned a level 1 spell: Flame Tongue
    86 | D:1      | Reached XP level 2. HP: 18/19 MP: 2/10
   708 | D:1      | Reached XP level 3. HP: 25/25 MP: 7/11
   916 | D:1      | Reached skill level 1 in Invocations
  1648 | D:2      | Reached skill level 1 in Fighting
  1648 | D:2      | Reached skill level 1 in Short Blades
  1648 | D:2      | Reached skill level 1 in Long Blades
  1648 | D:2      | Reached skill level 1 in Axes
  1648 | D:2      | Reached skill level 1 in Maces & Flails
  1648 | D:2      | Reached skill level 1 in Polearms
  1648 | D:2      | Reached skill level 1 in Staves
  1648 | D:2      | Reached skill level 1 in Slings
  1648 | D:2      | Reached skill level 1 in Bows
  1648 | D:2      | Reached skill level 1 in Crossbows
  1648 | D:2      | Reached skill level 1 in Throwing
  1648 | D:2      | Reached skill level 1 in Armour
  1648 | D:2      | Reached skill level 1 in Dodging
  1648 | D:2      | Reached skill level 1 in Shields
  1648 | D:2      | Reached skill level 1 in Unarmed Combat
  1684 | D:2      | Reached XP level 4. HP: 23/32 MP: 13/13
  2206 | D:2      | Reached skill level 1 in Conjurations
  2206 | D:2      | Reached skill level 1 in Hexes
  2206 | D:2      | Reached skill level 1 in Necromancy
  2206 | D:2      | Reached skill level 1 in Translocations
  2206 | D:2      | Reached skill level 1 in Transmutations
  2206 | D:2      | Reached skill level 1 in Fire Magic
  2206 | D:2      | Reached skill level 1 in Ice Magic
  2206 | D:2      | Reached skill level 1 in Air Magic
  2206 | D:2      | Reached skill level 1 in Earth Magic
  2206 | D:2      | Reached skill level 1 in Poison Magic
  2484 | D:3      | Reached XP level 5. HP: 32/37 MP: 11/14
  2822 | D:3      | Noticed Terence
  2832 | D:3      | Killed Terence
  3104 | D:3      | Reached XP level 6. HP: 26/44 MP: 16/16
  3607 | D:4      | Noticed a phantom
  3625 | D:4      | Killed a phantom
  3637 | D:4      | Got a crude war axe
  3638 | D:4      | Identified the +1 war axe of Spring {freeze, +Rage MR-
                  | Str+3} (You found it on level 4 of the Dungeon)
  3677 | D:4      | Found a runed gate.
  3678 | D:4      | Found a runed gate.
  3680 | D:4      | Found a runed gate.
  3685 | D:4      | Noticed SkarinSkye's ghost (novice MiBe)
  3715 | D:4      | HP: 2/44 [SkarinSkye's ghost (4)]
  3722 | D:4      | HP: 1/44 [poisoned by SkarinSkye's ghost]
  3727 | D:4      | HP: 1/44 [poisoned by SkarinSkye's ghost]
  3731 | D:4      | Succumbed to SkarinSkye's ghost's poison

Skill      XL: |  1  2  3  4  5  6 |
---------------+-------------------+-----
Charms         | 2 |  2.6
Invocations    | 1 2 |  2.1
Fighting       | 1 2 |  2.0
Short Blades   | 1 2 |  2.0
Long Blades    | 1 2 |  2.0
Axes           | 1 2 |  2.0
Maces & Flails | 1 2 |  2.0
Polearms       | 1 2 |  2.0
Staves         | 1 2 |  2.0
Slings         | 1 2 |  2.0
Bows           | 1 2 |  2.0
Crossbows      | 1 2 |  2.0
Throwing       | 1 2 |  2.0
Armour         | 1 2 |  2.0
Dodging        | 1 2 |  2.0
Shields        | 1 2 |  2.0
Unarmed Combat | 1 2 |  2.0
Conjurations   | 1 |  1.5
Hexes          | 1 |  1.5
Necromancy     | 1 |  1.5
Translocations | 1 |  1.5
Transmutations | 1 |  1.5
Fire Magic     | 1 |  1.5
Ice Magic      | 1 |  1.5
Air Magic      | 1 |  1.5
Earth Magic    | 1 |  1.5
Poison Magic   | 1 |  1.5
Evocations     | 3 |  3.2
Stealth        | 3 |  3.1
Spellcasting   | |  7.4
Summonings     | |  7.3

Action                   |  1- 3 |  4- 6 || total
-------------------------+-------+-------++-------
Melee: Dagger            |    68 |    67 ||   135
       Bite              |     4 |     4 ||     8
       War axe           |       |     7 ||     7
Throw: Javelin           |       |    24 ||    24
 Cast: Flame Tongue      |    40 |    84 ||   124
Evoke: Wand              |       |     5 ||     5
  Use: Scroll            |     2 |     9 ||    11
       Potion            |       |     9 ||     9
 Stab: Sleeping          |     5 |       ||     5
  Eat: Chunk             |     2 |     7 ||     9
       Ration            |       |     1 ||     1
Armor: Robe              |    15 |    11 ||    26
       Leather armour    |       |    11 ||    11
Dodge: Dodged            |    51 |   100 ||   151
Block: Buckler           |       |     8 ||     8
